 Dungeon Crawl Stone Soup version 0.24.0-13-gcf9b3192b9 (webtiles) character file.

Game seed: 11213219540076382816, levelgen mode: deterministic

8650 mopl the Covert (level 10, -5/68 (69) HPs)
             Began as a Demigod Enchanter on Nov 6, 2019.
             Slain by a cyan ugly thing (15 damage)
             ... on level 11 of the Dungeon.
             The game lasted 00:33:45 (13160 turns).

mopl the Covert (Demigod Enchanter)                Turns: 13160, Time: 00:33:45

HP:   -5/68 (69)    AC:  5    Str: 11    XL:     10   Next: 89%
MP:   9/20          EV: 10    Int: 25    God:
Gold: 766           SH:  9    Dex: 16    Spells: 1/17 levels left

rFire    . . .     SeeInvis .   a - +2 dagger (drain)
rCold    . . .     Gourm    +   z - +0 shield
rNeg     . . .     Faith    .   n - +0 robe
rPois    +         Spirit   .   g - +0 helmet
rElec    .         Reflect  .   R - +0 cloak
rCorr    .         Harm     .   C - +0 pair of gloves
MR       +....                  (no boots)
Stlth    ++++++....             T - amulet of the gourmand
HPRegen  0.21/turn              Q - ring of stealth
MPRegen  0.17/turn              y - ring of poison resistance

@: very slightly contaminated
A: high mp 1
a: no special abilities


You were on level 11 of the Dungeon.
You were not hungry.

You visited 2 branches of the dungeon, and saw 12 of its levels.

You collected 766 gold pieces.

Inventory:

Hand Weapons
 a - a +2 dagger of draining (weapon)
 b - a +0 dagger of venom
 s - the +5 falchion of the Feather {freeze, *Noise rElec rPois Int+7}
   (You found it on level 6 of the Dungeon)

   It has been specially enchanted to freeze those struck by it, causing extra
   injury to most foes and up to half again as much damage against particularly
   susceptible opponents.
   It can also slow down cold-blooded creatures.
   It affects your intelligence (+7).
   It insulates you from electricity.
   It protects you from poison.
   It may make noises in combat.
 G - a +5 vampiric short sword
Missiles
 i - 49 poisoned darts (quivered)
 p - 7 boomerangs
 J - 2 throwing nets
Armour
 g - a +0 helmet (worn)
 n - a +0 robe (worn)
 z - a +0 shield (worn)
 C - a +0 pair of gloves (worn)
 R - a +0 cloak (worn)
Magical Staves
 H - an uncursed staff of summoning
Jewellery
 j - an uncursed ring of protection from cold
 l - an uncursed ring of ice
 y - a ring of poison resistance (right hand)
 B - an uncursed ring of flight
 D - an uncursed ring of resist corrosion
 Q - a ring of stealth (left hand)
 T - an amulet of the gourmand (around neck)
Wands
 M - a wand of disintegration (16)
 O - a wand of clouds (6)
 P - a wand of paralysis (6)
Scrolls
 d - 5 scrolls of teleportation
 e - 3 scrolls of identify
 f - 6 scrolls of remove curse
 o - a scroll of enchant weapon
 u - a scroll of magic mapping
 v - a scroll of fog
 w - 2 scrolls of amnesia {unknown}
 E - a scroll of blinking
 F - a scroll of immolation
 L - a scroll of fear
Potions
 h - a potion of heal wounds
 k - a potion of berserk rage
 m - 5 potions of haste
 q - 2 potions of might
 r - 2 potions of magic
 t - 2 potions of curing
 x - a potion of cancellation
 A - a potion of agility
 I - 2 potions of brilliance
 K - a potion of lignification
 N - a potion of mutation
Comestibles
 c - 21 rations
 S - 10 chunks of flesh


   Skills:
 + Level 4.6 Short Blades
 - Level 1.7 Dodging
 * Level 10.2 Stealth
 + Level 4.4 Shields
 + Level 4.4 Spellcasting
 - Level 2.0 Conjurations
 * Level 9.6 Hexes
 - Level 4.0 Ice Magic


You had one spell level left.
You knew the following spells:

 Your Spells              Type           Power        Failure   Level  Hunger
a - Corona                Hex            ######.      1%          1    None
b - Ensorcelled Hibernat  Hex/Ice        #####.       3%          2    None
c - Confuse               Hex            ######..     1%          3    ##.....
d - Tukima's Dance        Hex            ######..     1%          3    ##.....
f - Cause Fear            Hex            ######....   6%          4    ####...
g - Dazzling Spray        Conj/Hex       ####..       10%         3    ##.....

Your spell library contained the following spells:

 Spells                   Type           Power        Failure   Level  Hunger
 Freeze                   Ice            ####         7%          1    None
 Slow                     Hex            ######..     1%          2    None
 Inner Flame              Hex/Fire       ####....     14%         3    ##.....
 Portal Projectile        Hex/Tloc       ####..       14%         3    ##.....
 Throw Frost              Conj/Ice       ###...       16%         2    None
 Ozocubu's Armour         Chrm/Ice       ###.....     41%         3    ##.....
 Leda's Liquefaction      Hex/Erth       ####......   43%         4    ####...
 Throw Icicle             Conj/Ice       ###.....     69%         4    ####...
 Summon Ice Beast         Ice/Summ       ###.....     83%         4    ####...


Dungeon Overview and Level Annotations

Branches:
Dungeon (11/15)            Temple (1/1) D:4            Lair (0/6) D:8
    Orc (0/2) D:9

Shops:
D:4 %

Annotations:
D:7 3 runed translucent doors, Iamsoldier's ghost, novice GrEE; Raspi's ghost, novice GrBe


Innate Abilities, Weirdness & Mutations

You have an increased reservoir of magic. (+10% MP)


Message History

The cyan ugly thing gores you. The cyan ugly thing shocks you!
Casting: Ensorcelled Hibernation (safe; 3% risk of failure)
Confirm with . or Enter, or press ? or * to list all spells.
Aiming: Ensorcelled Hibernation (safe; 3% risk of failure)
Press: ? - help, Shift-Dir - straight line, f/p - cyan ugly thing
Aim: a cyan ugly thing (chance to defeat MR: 50%)
You miscast Ensorcelled Hibernation.
You are very lightly contaminated with residual magic.
A chill runs through your body. The cyan ugly thing gores you!
The cyan ugly thing shocks you!
Casting: Ensorcelled Hibernation (safe; 3% risk of failure)
Confirm with . or Enter, or press ? or * to list all spells.
Aiming: Ensorcelled Hibernation (safe; 3% risk of failure)
Press: ? - help, Shift-Dir - straight line, f/p - cyan ugly thing
Aim: a cyan ugly thing (chance to defeat MR: 50%)
The cyan ugly thing resists with some effort.
The cyan ugly thing gores you!
* * * LOW HITPOINT WARNING * * *
The cyan ugly thing shocks you!
You die...

..................# #.
..................# #.
..................# #.
.....u............# #.
........#)####....# #.
........#....#....########.
........#....#..........)..
....T.c.#.u..#...#####.....
........#.@..#...# #..###
........#....#...# #..'..
........#....#...# #..#..
#....#...# #..#.. #....#...
#..#.. ###### #..#.. #..#..
#..#.. #..###


You could see a cyan ugly thing.

Vanquished Creatures
  A two-headed ogre (D:10)
  An unseen horror (D:10)
  An ugly thing (D:11)
  A centaur zombie (D:10)
  2 trolls (D:11)
  A hippogriff (D:8)
  2 wyverns (D:11)
  3 hungry ghosts
  Menkaure (D:7)
  3 phantoms
  3 orc warriors
  3 ice beasts
  2 necrophages
  8 ogres
  2 crocodiles (D:10)
  8 centaurs
  A big kobold (D:8)
  A bullfrog (D:10)
  A gnoll sergeant (D:4)
  2 troll zombies (D:9)
  A scorpion (D:11)
  10 killer bees (D:10)
  A crimson imp (D:6)
  4 jellies
  4 bullfrog skeletons
  7 orc priests
  A bullfrog zombie (D:8)
  3 hounds
  2 iguanas
  14 orc wizards
  A gnoll shaman (D:4)
  2 worker ants
  4 ogre zombies (D:9)
  A howler monkey zombie (D:6)
  A worker ant zombie (D:8)
  16 adders
  12 gnolls
  3 shadow imps
  An ooze (D:4)
  2 adder zombies
  An adder skeleton (D:6)
  A worm (D:4)
  4 dart slugs
  13 leopard geckos
  34 orcs
  8 giant cockroaches
  4 goblins
  5 hobgoblins
  13 jackals
  5 quokkas
  3 ball pythons
  9 bats
  6 frilled lizards
  A goblin skeleton (D:9)
  A goblin zombie (D:9)
  A hobgoblin zombie (D:9)
  11 kobolds
  2 orc skeletons (D:9)
  14 orc zombies (D:9)
  A quokka zombie (D:6)
  8 rats
282 creatures vanquished.

Vanquished Creatures (collateral kills)
  A two-headed ogre (D:11)
  4 ogres
5 creatures vanquished.

Vanquished Creatures (others)
  4 dancing weapons
4 creatures vanquished.

Grand Total: 291 creatures vanquished

Notes
Turn   | Place    | Note
-------+----------+-------------------------------------------
     0 | D:1      | mopl the Demigod Enchanter began the quest for the Orb.
     0 | D:1      | Reached XP level 1. HP: 14/14 MP: 5/5
   226 | D:1      | Reached XP level 2. HP: 15/20 MP: 4/7
   256 | D:1      | Reached skill level 3 in Stealth
   265 | D:1      | Learned a level 2 spell: Ensorcelled Hibernation
  1208 | D:1      | Reached XP level 3. HP: 26/26 MP: 6/8
  1213 | D:1      | Learned a level 3 spell: Dazzling Spray
  1324 | D:2      | Found an ancient bone altar of Kikubaaqudgha.
  2220 | D:2      | Reached XP level 4. HP: 33/33 MP: 10/10
  2528 | D:3      | Found a stormy altar of Qazlal.
  2617 | D:3      | Reached skill level 1 in Ice Magic
  2858 | D:3      | Reached skill level 1 in Conjurations
  3026 | D:3      | Reached XP level 5. HP: 13/38 MP: 1/12
  3351 | D:5      | Entered Level 5 of the Dungeon
  3562 | D:4      | Learned a level 3 spell: Confuse
  3705 | D:3      | You fall into a shaft and drop 1 floor!
  3705 | D:4      | Found a staircase to the Ecumenical Temple.
  3711 | D:4      | Reached skill level 4 in Stealth
  3801 | D:4      | Found Zotziff's Food Boutique.
  3819 | D:4      | Noticed an ogre
  4481 | D:4      | Reached XP level 6. HP: 35/45 MP: 13/13
  4642 | Temple   | Entered the Ecumenical Temple
  5111 | D:4      | Learned a level 3 spell: Tukima's Dance
  5214 | D:4      | Found an ornate altar of the Wu Jian Council.
  5690 | D:5      | Reached XP level 7. HP: 31/50 MP: 3/15
  6382 | D:4      | Reached skill level 5 in Stealth
  6640 | D:5      | Reached skill level 5 in Hexes
  6814 | D:5      | Found a glowing silver altar of Zin.
  7071 | D:6      | Got a bloodstained falchion
  7080 | D:6      | Found an opulent altar of Gozag.
  7469 | D:6      | Reached XP level 8. HP: 43/57 MP: 13/17
  7630 | D:6      | Reached skill level 6 in Stealth
  7900 | D:6      | Found a sacrificial altar of Ru.
  8200 | D:7      | Noticed Menkaure
  8230 | D:7      | Killed Menkaure
  8494 | D:7      | Reached skill level 7 in Stealth
  8529 | D:7      | Found a runed translucent gate.
  8587 | D:7      | Found a runed translucent gate.
  8588 | D:7      | Found a runed translucent gate.
  8590 | D:7      | Noticed Iamsoldier's ghost (novice GrEE)
  8590 | D:7      | Noticed Raspi's ghost (novice GrBe)
  8667 | D:7      | Reached skill level 1 in Short Blades
  9020 | D:8      | Found a staircase to the Lair.
  9051 | D:8      | Reached XP level 9. HP: 62/62 MP: 18/18
  9063 | D:8      | Reached skill level 1 in Shields
  9678 | D:8      | Reached skill level 8 in Stealth
  9943 | D:9      | Found a sparkling altar of Nemelex Xobeh.
 10202 | D:9      | Found a staircase to the Orcish Mines.
 11533 | D:10     | Entered Level 10 of the Dungeon
 11891 | D:10     | Noticed a two-headed ogre
 11900 | D:10     | Killed a two-headed ogre
 11900 | D:10     | Reached skill level 9 in Stealth
 11900 | D:10     | Reached XP level 10. HP: 69/69 MP: 1/19
 12146 | D:10     | Noticed an unseen horror
 12151 | D:10     | Killed an unseen horror
 12157 | D:10     | Found a basalt altar of Yredelemnul.
 12531 | D:10     | Learned a level 4 spell: Cause Fear
 12600 | D:11     | Noticed a two-headed ogre
 12611 | D:11     | Killed a two-headed ogre
 12714 | D:11     | Noticed a purple ugly thing
 12722 | D:11     | Killed a purple ugly thing
 12722 | D:11     | Reached skill level 10 in Stealth
 12999 | D:11     | Identified the +5 falchion of the Feather {freeze, *Noise
                  | rElec rPois Int+7} (You found it on level 6 of the Dungeon)
 13149 | D:11     | Noticed a cyan ugly thing
 13160 | D:11     | Slain by a cyan ugly thing

Levels and vault maps discovered:
D:1:      shiori_shiawase, layout_rooms
D:2:      layout_rooms, kiku_gazebo_garden_becter, serial_forest,
          infiniplex_forest_lined_ring, infiniplex_forest_lined_corner,
          infiniplex_forest_lined_room_2, infiniplex_forest_lined_3_way
D:3:      layout_basic, overflow_temple_1_default, minmay_quantized
D:4:      layout_cave_pods, kennysheep_mini_moat, minmay_temple_entry_trees,
          serial_shops, nicolae_shop_behind_doors
D:5:      layout_rooms, zin_academy, serial_corexii_hall,
          chequers_hall_statues_y, corexii_hall_statues_i, first_ration
D:6:      layout_rooms, nicolae_ru_path_of_blood, kennysheep_mini
D:7:      layout_loops_corners, gammafunk_ghost_cemetery, uniq_menkaure
D:8:      layout_rooms, dpeg_oklobed_lair
D:9:      layout_cave_pools, nemelex_xobeh_ov_fountains_minmay,
          zombieorc1_lemuel
D:10:     layout_basic, grunt_ogre_cave, yredelemnul_altar_generic
D:11:     layout_irregular_city, minmay_quadrilaterals
Temple:   regret_index_temple_generic_petals

Skill      XL: |  1  2  3  4  5  6  7  8  9 10 |
---------------+-------------------------------+-----
Spellcasting   | 2 3 4 |  4.4
Stealth        | 3 4 5 7 9 10 | 10.2
Hexes          | 3 4 5 7 8 9 |  9.6
Ice Magic      | 1 2 3 4 |  4.0
Conjurations   | 1 2 |  2.0
Short Blades   | 1 3 4 |  4.6
Shields        | 3 4 |  4.4
Dodging        | |  1.7

Action                   |  1- 3 |  4- 6 |  7- 9 | 10-12 || total
-------------------------+-------+-------+-------+-------++-------
Melee: Dagger            |   136 |   161 |   479 |    69 ||   845
       Short sword       |       |       |     6 |       ||     6
 Cast: Corona            |    13 |       |     5 |     1 ||    19
       Ensorcelled Hiber |    32 |    47 |    81 |    24 ||   184
       Dazzling Spray    |       |     3 |     1 |       ||     4
       Confuse           |       |    10 |    55 |    18 ||    83
       Tukima's Dance    |       |     1 |    13 |     3 ||    17
  Use: Potion            |     1 |     3 |       |       ||     4
       Scroll            |       |     9 |    11 |     1 ||    21
 Stab: Sleeping          |    18 |    29 |    64 |    26 ||   137
       Confused          |       |     2 |    36 |     6 ||    44
       Invisible         |       |       |     1 |       ||     1
       Distracted        |       |       |     1 |       ||     1
  Eat: Chunk             |     6 |    14 |    21 |     5 ||    46
       Ration            |       |       |     2 |       ||     2
Armor: Robe              |    51 |    17 |    51 |     3 ||   122
Dodge: Dodged            |   133 |   103 |   244 |    24 ||   504
Block: Shield            |       |       |       |     3 ||     3
